 Dungeon Crawl Stone Soup version 0.23.0-42-geed6394 (webtiles) character file.

Game seed: 0

100 misha the Poker (level 4, 0/55 HPs)
             Began as a Merfolk Berserker on Feb 28, 2019.
             Was a Believer of Trog.
             Succumbed to a scorpion's poison
             ... on level 3 of the Dungeon.
             The game lasted 00:23:52 (2186 turns).

misha the Poker (Merfolk Berserker)                 Turns: 2186, Time: 00:23:53

Health: 0/55       AC:  5    Str: 23    XL:     4   Next: 73%
Magic:  4/4        EV: 12    Int:  6    God:    Trog [**....]
Gold:   203        SH:  0    Dex: 13    Spells: 3/3 levels left

rFire    . . .     SeeInvis .   a - +0 spear
rCold    . . .     Gourm    .   (no shield)
rNeg     . . .     Faith    .   q - +0 ring mail
rPois    .         Spirit   .   (no helmet)
rElec    .         Reflect  .   e - scarf {repulsion}
rCorr    .         Harm     .   (no gloves)
MR       .....                  (no boots)
Stlth    ..........             (no amulet)
HPRegen  0.18/turn              (no ring)
MPRegen  0.09/turn              (no ring)

@: berserking, lethally poisoned (0 -> -5), repel missiles, very quick
A: change form in water, swift swim, stealthy swim
a: Berserk, Trog's Hand, Renounce Religion


You were on level 3 of the Dungeon.
You worshipped Trog.
Trog was pleased with you.
You were very hungry.

You visited 1 branch of the dungeon, and saw 3 of its levels.

You collected 203 gold pieces.

Inventory:

Hand Weapons
 a - a +0 spear (weapon)
Missiles
 k - 27 sling bullets
 l - 148 stones (quivered)
 o - 8 poisoned tomahawks
Armour
 e - a scarf of repulsion (worn)
 q - a +0 ring mail (worn)
Scrolls
 b - a scroll of enchant weapon {unknown}
 d - a scroll of random uselessness {unknown}
 g - 2 scrolls of teleportation {unknown}
 i - 2 scrolls of remove curse {unknown}
 j - 2 scrolls of noise {unknown}
 p - a scroll of enchant armour {unknown}
 t - a scroll of amnesia {unknown}
Potions
 f - a potion of ambrosia {unknown}
 h - a potion of brilliance {unknown}
 m - 2 potions of magic {unknown}
 n - a potion of curing {unknown}
 r - a potion of lignification {unknown}
Comestibles
 c - 7 rations
 s - a chunk of flesh


   Skills:
 + Level 4.0 Fighting
 + Level 5.7 Polearms
 - Level 1.4 Armour
 + Level 3.6 Dodging
 + Level 1.9 Stealth


You had 3 spell levels left.
You didn't know any spells.
Your spell library was empty.

Dungeon Overview and Level Annotations

Branches:
Dungeon (3/15)

Altars:


Message History

You hit the scorpion but do no damage.
The scorpion is heavily wounded.
You feel sick. The scorpion stings you.
* * * LOW HITPOINT WARNING * * *
You hit the scorpion but do no damage.
The scorpion is heavily wounded.
The scorpion barely misses you.
You hit the scorpion but do no damage.
The scorpion is heavily wounded.
* * * LOW HITPOINT WARNING * * *
You feel sick. The scorpion stings you.
* * * LOW HITPOINT WARNING * * *
A red film seems to cover your vision as you go berserk!
You feel yourself moving faster!
You feel mighty!
You are feeling very hungry.
The scorpion stings you.
* * * LOW HITPOINT WARNING * * *
You barely miss the scorpion.
The scorpion is heavily wounded.
You die...

##.#####. #...........###.......
)........#############...........
##.###....... .............#####
##.## ###... ........###....#
..... ..... ####....# ####.#
##### .... #....## #.# ..#
##.....#####.# #
#s#.####[.......# # ## #@#.#
#..####### # .# #.#.## #..# # ##
##.#.###..# # # ####.....# #
#....## # ####### #....# #
......# ......########## #####.#
####..###...)<... #####.# #.##
#.######.


You could see a scorpion.

Vanquished Creatures
  2 adders
  An ooze (D:1)
  4 worms
  A dart slug (D:1)
  3 giant cockroaches
  8 goblins
  7 hobgoblins
  6 jackals
  A quokka (D:2)
  A ball python (D:1)
  6 bats
  7 frilled lizards
  12 kobolds
  9 rats
68 creatures vanquished.

Notes
Turn   | Place    | Note
-------+----------+-------------------------------------------
     0 | D:1      | misha the Merfolk Berserker began the quest for the Orb.
     0 | D:1      | Reached XP level 1. HP: 18/18 MP: 1/1
   198 | D:1      | Reached XP level 2. HP: 24/24 MP: 2/2
   283 | D:1      | Reached skill level 5 in Polearms
   357 | D:1      | Reached XP level 3. HP: 29/29 MP: 3/3
   858 | D:2      | Reached skill level 1 in Stealth
   907 | D:2      | Reached ** piety under Trog
  1282 | D:2      | Reached XP level 4. HP: 35/37 MP: 4/4
  2185 | D:3      | HP: 1/55 [scorpion (5)]
  2186 | D:3      | Succumbed to a scorpion's poison

Skill      XL: |  1  2  3  4 |
---------------+-------------+-----
Polearms       | 5 |  5.7
Dodging        | 3 |  3.6
Stealth        | 1 |  1.9
Fighting       | 4 |  4.0
Armour         | |  1.4

Action                   |  1- 3 |  4- 6 || total
-------------------------+-------+-------++-------
Melee: Spear             |   152 |   123 ||   275
       Tailslap          |     2 |       ||     2
Invok: Berserk           |       |     1 ||     1
 Stab: Sleeping          |     6 |     6 ||    12
  Eat: Chunk             |       |     4 ||     4
Armor: Animal skin       |    23 |       ||    23
       Ring mail         |       |    26 ||    26
Dodge: Dodged            |    70 |    52 ||   122
       Deflected         |     2 |       ||     2
